 Dungeon Crawl Stone Soup version 0.28.0-1-gb440e238dd (webtiles) character file.

Game seed: 8558431752322973397

19 boopmooplesden the Shield-Bearer (level 2, -2/27 HPs)
             Began as a Minotaur Fighter on Feb 21, 2022.
             Slain by Terence (8 damage)
             ... on level 2 of the Dungeon.
             The game lasted 00:00:39 (759 turns).

boopmooplesden the Shield-Bearer (Minotaur Fighter)  Turns: 759, Time: 00:00:39

Health: -2/27      AC:  7    Str: 20    XL:     2   Next: 55%
Magic:  1/1        EV:  9    Int:  5    God:
Gold:   71         SH:  4    Dex:  9    Spells: 1/1 levels left

rFire   . . .      SeeInvis .   a - +0 long sword
rCold   . . .      Faith    .   c - +0 buckler
rNeg    . . .      Spirit   .   b - +0 scale mail
rPois   .          Reflect  .   (helmet restricted)
rElec   .          Harm     .   (no cloak)
rCorr   .          Rampage  .   (no gloves)
Will    .....                   (no boots)
Stlth   ..........              (no amulet)
HPRegen 0.09/turn               (no ring)
MPRegen 0.07/turn               (no ring)

@: mighty
A: horns 2, retaliatory headbutt
a: no special abilities


You were on level 2 of the Dungeon.
You visited 1 branch of the dungeon, and saw 2 of its levels.

You collected 71 gold pieces.

Inventory:

Hand Weapons
 a - a +0 long sword (weapon)
Missiles
 e - a stone (quivered)
Armour
 b - a +0 scale mail (worn)
 c - a +0 buckler (worn)
Scrolls
 g - 2 scrolls of identify {unknown}
 h - a scroll of amnesia {unknown}
Potions
 f - a potion of flight {unknown}


   Skills:
 + Level 4.0 Fighting
 + Level 2.6 Long Blades
 + Level 3.9 Armour
 + Level 4.1 Shields


You had one spell level left.
You didn't know any spells.
Your spell library was empty.

Dungeon Overview and Level Annotations

Branches:
Dungeon (2/15)

Altars:

Annotations:
D:2 Terence


Innate Abilities, Weirdness & Mutations

You have a pair of horns on your head.
You reflexively headbutt those who attack you in melee.


Message History

Terence and an adder come into view.
Terence shouts!
Terence drinks a potion.
Terence flickers and vanishes!
Deactivating autopickup; reactivate with Ctrl-A.
The adder closely misses you. The adder bites you but does no damage.
The adder bites you.
You are poisoned.
The adder poisons you!
You feel sick.
Found a short sword.
You feel sick.
You feel sick. The adder bites you but does no damage.
You feel sick.
You feel sick.
You are no longer poisoned.
The adder bites you.
You are poisoned.
The adder poisons you!
You feel sick.
You feel sick.
You feel very mighty all of a sudden.
You feel sick. The adder closely misses you. You block the adder's attack.
You slash the adder!
The adder is severely wounded.
You feel sick. The adder barely misses you.
You slash the adder!
You kill the adder!
You feel sick.
You are no longer poisoned.
Your Fighting skill increases to level 4!
You closely miss something. Something hits you but does no damage.
You closely miss something. Your headbutt misses something.
Something hits you but does no damage. Something hits you.
You closely miss something. Something hits you but does no damage.
You miss something. Your headbutt misses something. Something hits you.
* * * LOW HITPOINT WARNING * * *
You slash something! Something hits you.
* * * LOW HITPOINT WARNING * * *
Something hits you!
You die...

#..........#
####.#######
#.# #.#
#.####
#...)#
####.#
####.#
#.@{.#
#.#### #.
#.#
#.#########
#.#.......#
#.##.####.#
####
#.#....##.#
#...
#.#..#.##.#


There were no monsters in sight!

Vanquished Creatures
  An adder (D:2)
  A dart slug (D:1)
  2 bats (D:1)
  A kobold (D:1)
  2 quokkas (D:1)
  A frilled lizard (D:1)
  A goblin (D:2)
9 creatures vanquished.

Notes
Turn   | Place    | Note
-------+----------+-------------------------------------------
     0 | D:1      | boopmooplesden the Minotaur Fighter began the quest for the
                  | Orb.
     0 | D:1      | Reached XP level 1. HP: 19/19 MP: 0/0
   309 | D:1      | Reached XP level 2. HP: 27/27 MP: 1/1
   740 | D:2      | Noticed Terence
   759 | D:2      | Slain by Terence

Illustrated notes

Levels and vault maps discovered:
D:1:      erik_arrival_orb_chamber, layout_basic
D:2:      layout_basic, uniq_terence, uniq_natasha

Skill      XL: |  1  2 |
---------------+-------+-----
Shields        | 4 |  4.1
Fighting       | 4 |  4.0
Long Blades    | |  2.6
Armour         | |  3.9

Action                   || total
-------------------------++-------
Melee: Long sword        ||    26
       Headbutt          ||     2
  Use: Potion            ||     1
Armor: Scale mail        ||    14
Dodge: Dodged            ||    13
Block: Buckler           ||    10
